 Dungeon Crawl Stone Soup version 0.28.0 (webtiles) character file.

Game seed: 3978401579227955536

8652 Dorkslayer the Cleaver (level 11, -8/115 HPs)
             Began as an Ogre Fighter on May 28, 2022.
             Was an Initiate of Gozag.
             Mangled by a vampire (11 damage)
             ... on level 10 of the Dungeon.
             The game lasted 00:27:03 (11212 turns).

Dorkslayer the Cleaver (Ogre Fighter)              Turns: 11212, Time: 00:27:04

Health: -8/115     AC:  4    Str: 28    XL:     11   Next: 34%
Magic:  11/11      EV: 11    Int:  9    God:    Gozag
Gold:   1208       SH: 14    Dex: 12    Spells: 10/10 levels left

rFire   . . .      SeeInvis .   z - +5 war axe (flame)
rCold   . . .      Faith    .   c - +0 kite shield
rNeg    + . .      Spirit   .   b - +0 robe
rPois   .          Reflect  +   (helmet restricted)
rElec   .          Harm     .   j - +0 cloak
rCorr   .          Rampage  .   (gloves unavailable)
Will    +....                   (boots unavailable)
Stlth   ++........              e - amulet of reflection
HPRegen 0.29/turn               m - ring of positive energy
MPRegen 0.12/turn               n - +6 ring of strength

@: no status effects
A: large, unfitting armour, tough skin 1
a: Renounce Religion, Potion Petition, Call Merchant, Bribe Branch


You were on level 10 of the Dungeon.
You worshipped Gozag.
Gozag was most pleased with you.
You visited 2 branches of the dungeon, and saw 11 of its levels.

You collected 1646 gold pieces.
You spent 357 gold pieces at shops.
You paid 81 gold pieces to Gozag.

Inventory:

Hand Weapons
 a - a +0 war axe
 z - a +5 war axe of flaming (weapon)
Missiles
 k - 2 curare-tipped darts
 r - 5 javelins (quivered)
 u - 21 poisoned darts
 y - 7 boomerangs
Armour
 b - a +0 robe (worn)
 c - a +0 kite shield (worn)
 j - a +0 cloak (worn)
Jewellery
 e - an amulet of reflection (around neck)
 l - a ring of resist corrosion
 m - a ring of positive energy (left hand)
 n - a +6 ring of strength (right hand)
Wands
 g - a wand of polymorph (10)
 o - a wand of flame (12)
 A - a wand of iceblast (15)
 D - a wand of charming (5)
 E - a wand of acid (2)
Scrolls
 d - a scroll of silence
 h - 6 scrolls of teleportation
 p - 2 scrolls of magic mapping
 q - 3 scrolls of immolation
 s - 3 scrolls of enchant armour
 w - a scroll of brand weapon
 x - a scroll of summoning {unknown}
 B - a scroll of amnesia
Potions
 f - a potion of curing
 i - 2 potions of brilliance
 t - 2 potions of cancellation
 v - 2 potions of magic


   Skills:
 * Level 9.2 Fighting
 + Level 10.2 Axes
 + Level 3.0 Throwing
 * Level 7.0 Dodging
 + Level 2.6 Stealth
 + Level 6.3 Shields
 * Level 5.9 Evocations


You had 10 spell levels left.
You didn't know any spells.
Your spell library contained the following spells:

 Spells                   Type           Power      Damage    Failure   Level
 Gell's Gravitas          Tloc           0%         N/A       95%         3
 Lesser Beckoning         Tloc           0%         N/A       95%         3
 Teleport Other           Tloc           0%         N/A       95%         3
 Cause Fear               Hex            0%         N/A       100%        4
 Dragon Form              Tmut           0%         N/A       100%        7
 Dragon's Call            Summ           0%         N/A       100%        9


Dungeon Overview and Level Annotations

Branches:
Dungeon (10/15)            Temple (1/1) D:5            Lair (0/6) D:8
    Orc: D:9-12

Altars:
Dithmenos
Fedhas
Gozag
Hepliaklqana
Kikubaaqudgha
Makhleb
Nemelex Xobeh
Qazlal
Ru
Uskayaw
Wu Jian
Xom
Yredelemnul
Zin
Beogh

Shops:
D:2 *   D:4 **:(


Innate Abilities, Weirdness & Mutations

You are too large for most types of armour.
You have tough skin. (AC +1)


Message History

You closely miss something. Something hits you. You block something's attack.
Unknown command.
You hit something. You burn something. Something hits you!
You block something's attack.
You hit something. You burn something. Something hits you but does no damage.
Something completely misses you.
You miss something. Something hits you but does no damage. Something bites you.
You barely miss something. Something hits you! Something bites you.
Something draws strength from your injuries!
You barely miss something. Something hits you! You block something's attack.
You hit something. You burn something. Something hits you! Something bites you!
You closely miss something. Something hits you!
* * * LOW HITPOINT WARNING * * *
Something bites you.
* * * LOW HITPOINT WARNING * * *
Something draws strength from your injuries!
Something hits you.
* * * LOW HITPOINT WARNING * * *
Something bites you but does no damage.
You feel much better. Something hits you! Something bites you!
* * * LOW HITPOINT WARNING * * *
Something draws strength from your injuries!
Aiming: Corrosive Bolt
Press: ? - help, Shift-Dir - straight line Something hits you!
* * * LOW HITPOINT WARNING * * *
Something bites you!
* * * LOW HITPOINT WARNING * * *
Something draws strength from your injuries!
Aiming: Corrosive Bolt
Press: ? - help, Shift-Dir - straight line Something hits you!
* * * LOW HITPOINT WARNING * * *
You block something's attack.
Unknown command.
Aiming: Corrosive Bolt
Press: ? - help, Shift-Dir - straight line The bolt of acid hits something!
Something hits you!
You die...
Your body crumbles into a pile of gold.

.....#.#.#..#......#
##......#...<#......#
.. ....#######.#......#
#.###..........#......#
#. ##.####.##.#.##.#.#
#. #.# #.##.#..).#.# #.
#.# #.##.#..###.. #.##
#{# #.##.#..# ###
#..###@# #.##.#..#
#.....># #.##.#..#
####...#######.##.#..#
#...............#.....#
#.####.##########.###.#
#.. #.....# ### #######


There were no monsters in sight!

Vanquished Creatures
  3 centaur warriors
  A two-headed ogre (D:9)
  A komodo dragon (D:8)
  A slime creature (D:8)
  The ghost of roseMary the Digger, an amateur GrEE (D:4)
  10 yaks
  A shadow (D:8)
  4 steam dragons
  2 water moccasins (D:7)
  An orc warrior (D:7)
  3 ice beasts
  3 sky beasts
  An ogre (D:5)
  2 necrophages (D:7)
  4 centaurs
  4 kobold brigands
  5 bullfrogs
  A gnoll sergeant (D:7)
  3 scorpions
  A water moccasin zombie (D:6)
  2 howler monkeys
  5 centaur zombies
  2 hounds (D:5)
  9 orc priests
  A centaur skeleton (D:7)
  12 orc wizards
  2 iguanas
  2 killer bee zombies (D:7)
  A hound zombie (D:4)
  2 hound skeletons
  3 howler monkey zombies
  3 gnolls (D:7)
  6 adders
  4 white imps
  2 ufetubi
  2 worms
  5 dart slugs
  36 orcs
  9 endoplasms
  4 giant cockroaches
  6 goblins
  6 hobgoblins
  5 jackals
  4 quokkas
  10 ball pythons
  4 bats
  2 frilled lizards (D:3)
  12 kobolds
  6 rats
219 creatures vanquished.

Vanquished Creatures (others)
  29 plants
29 creatures vanquished.

Grand Total: 248 creatures vanquished

Notes
Turn   | Place    | Note
-------+----------+-------------------------------------------
     0 | D:1      | Dorkslayer the Ogre Fighter began the quest for the Orb.
     0 | D:1      | Reached XP level 1. HP: 24/24 MP: 1/1
   160 | D:1      | Found a faded altar of an unknown god.
   187 | D:1      | Reached XP level 2. HP: 32/32 MP: 2/2
   399 | D:1      | You fall into a shaft and drop 1 floor!
   411 | D:2      | Found Paem's General Store.
   424 | D:2      | Reached XP level 3. HP: 37/40 MP: 3/3
  1450 | D:2      | Reached XP level 4. HP: 49/49 MP: 4/4
  1705 | D:2      | Bought a wand of flame (10) for 84 gold pieces
  2096 | D:3      | Reached skill level 3 in Axes
  2440 | D:3      | Found a glowing silver altar of Zin.
  2440 | D:3      | Noticed an angel
  2476 | D:4      | Found Dalu's General Store.
  2494 | D:4      | Reached XP level 5. HP: 34/55 MP: 5/5
  2525 | D:4      | Reached skill level 1 in Evocations
  2544 | D:4      | Bought a scroll of immolation for 42 gold pieces
  2552 | D:4      | Found an ancient bone altar of Kikubaaqudgha.
  2571 | D:4      | Reached skill level 1 in Throwing
  2797 | D:4      | Found a runed translucent gate.
  2797 | D:4      | Found a runed translucent gate.
  2797 | D:4      | Found a runed translucent gate.
  2797 | D:4      | Noticed roseMary's ghost (amateur GrEE)
  2799 | D:4      | Found a basalt altar of Yredelemnul.
  2813 | D:4      | Reached skill level 4 in Axes
  2813 | D:4      | Reached XP level 6. HP: 59/65 MP: 6/6
  2869 | D:4      | Found an ornate altar of the Wu Jian Council.
  2874 | D:4      | Noticed a spectral centipede
  2874 | D:4      | Noticed a spectral black mamba
  2874 | D:4      | Noticed a spectral cane toad
  2903 | D:4      | Found Kukap's Assorted Antiques.
  2906 | D:4      | Bought a scroll labelled VENIDI FISE for 30 gold pieces
  3209 | D:4      | Found Kitiehee's Weapon Shop.
  3215 | D:4      | Found Qovem's Book Shoppe.
  3388 | D:5      | Entered Level 5 of the Dungeon
  3394 | D:5      | Found a staircase to the Ecumenical Temple.
  3403 | Temple   | Entered the Ecumenical Temple
  3545 | D:5      | Noticed an ice beast
  3560 | D:5      | Reached skill level 5 in Fighting
  3570 | D:5      | Killed an ice beast
  3571 | D:5      | Reached XP level 7. HP: 25/72 MP: 7/7
  3910 | D:5      | Reached skill level 5 in Axes
  4129 | Temple   | Became a worshipper of Gozag Ym Sagoz the Greedy
  4405 | D:5      | Found a hazy altar of Hepliaklqana.
  4847 | D:6      | Reached XP level 8. HP: 40/81 MP: 8/8
  5252 | D:6      | Reached skill level 6 in Axes
  5279 | D:6      | Found a blossoming altar of Fedhas.
  5698 | D:6      | Found a shimmering altar of Xom.
  5902 | D:4      | Bought a +2 war axe of flaming for 201 gold pieces
  5975 | D:4      | Killed roseMary's ghost
  5976 | D:4      | Reached skill level 1 in Stealth
  6852 | D:7      | Reached skill level 7 in Axes
  6852 | D:7      | Reached XP level 9. HP: 28/89 MP: 9/9
  7384 | D:7      | Reached skill level 5 in Dodging
  8124 | D:8      | Reached skill level 8 in Axes
  8124 | D:8      | Reached skill level 5 in Shields
  8131 | D:8      | Noticed a centaur warrior
  8143 | D:8      | Killed a centaur warrior
  8144 | D:8      | Reached XP level 10. HP: 50/102 MP: 10/10
  8163 | D:8      | Noticed a centaur warrior
  8178 | D:8      | Killed a centaur warrior
  8179 | D:8      | Reached skill level 9 in Axes
  8333 | D:8      | HP: 5/102 [steam dragon/ball of steam (22)]
  8686 | D:8      | Reached skill level 5 in Evocations
  9346 | D:8      | Found a staircase to the Lair.
  9596 | D:9      | Noticed a centaur warrior
  9611 | D:9      | Noticed a two-headed ogre
  9617 | D:9      | Killed a centaur warrior
  9632 | D:9      | Killed a two-headed ogre
  9633 | D:9      | Reached XP level 11. HP: 36/113 MP: 11/11
  9993 | D:9      | Reached skill level 10 in Axes
 10935 | D:10     | Entered Level 10 of the Dungeon
 11211 | D:10     | HP: 3/115 [something (10)]
 11212 | D:10     | Mangled by a vampire

Illustrated notes

Levels and vault maps discovered:
D:1:      dpeg_arrival_shrine, layout_loops_ring,
          hellmonk_ecumenical_altar_defaced_shrine
D:2:      layout_rooms, serial_shops, nicolae_diamond_shop, corner_web_ring,
          grunt_ministairs_9
D:3:      layout_loops_ring, zin_angel
D:4:      layout_rooms, mainiacjoe_overflow_small_starburst,
          pdpol_wu_jian_five_deadly_venoms, nicolae_yredelemnul_ghost_church,
          serial_shops, nicolae_shop_bloodbath_and_beyond,
          nicolae_stop_n_shop_1, kennysheep_mini, shop, minmay_stone_trees_small
D:5:      layout_basic, nicolae_hepliaklqana_hazy_memory,
          minmay_temple_entry_large_hall
D:6:      layout_basic, mainiacjoe_overflow_cross_hatched, fedhas_altar_4
D:7:      layout_loops_ring
D:8:      hangedman_cross_stitches, layout_loops_ring, david_lair_shrubbed,
          serial_glass, glass_columns_a, glass_columns_c, glass_columns_a,
          glass_columns_a, glass_columns_b, glass_columns_a, glass_columns_a,
          glass_columns_a, glass_columns_b, glass_columns_b, glass_columns_c,
          glass_columns_b, glass_columns_b, glass_columns_a
D:9:      layout_basic, small_chamber_with_monster
D:10:     layout_basic
Temple:   regret_index_temple_waves

Skill      XL: |  1  2  3  4  5  6  7  8  9 10 11 |
---------------+----------------------------------+-----
Dodging        | 3 4 5 6 7 |  7.0
Shields        | 3 4 5 6 |  6.3
Axes           | 3 4 5 7 8 9 10 | 10.2
Evocations     | 1 2 3 4 5 |  5.9
Throwing       | 1 2 3 |  3.0
Fighting       | 5 6 7 8 9 |  9.2
Stealth        | 1 2 |  2.6

Action                   |  1- 3 |  4- 6 |  7- 9 | 10-12 || total
-------------------------+-------+-------+-------+-------++-------
Melee: War axe           |   105 |   152 |   258 |   194 ||   709
Throw: Dart              |       |       |     3 |     8 ||    11
       Javelin           |       |       |       |     9 ||     9
Evoke: Wand              |       |       |     3 |     5 ||     8
  Use: Scroll            |       |     6 |     9 |     5 ||    20
       Potion            |       |     1 |     3 |     8 ||    12
 Stab: Distracted        |       |       |     1 |     5 ||     6
Armor: Robe              |    30 |    36 |    48 |    31 ||   145
Dodge: Dodged            |    38 |    53 |    67 |    43 ||   201
Block: Kite shield       |    64 |   108 |   131 |   121 ||   424
       Reflection        |       |     3 |     8 |    22 ||    33
